 Dungeon Crawl Stone Soup version 0.31-a0-355-g57cb03d3e8 (webtiles) character file.

Game seed: 1932634563151761195

16 mopl the Ruffian (level 2, -2/18 HPs)
             Began as an Octopode Shapeshifter on July 24, 2023.
             Frozen to death by an endoplasm (5 damage)
             ... on level 1 of the Dungeon.
             The game lasted 00:00:31 (172 turns).

mopl the Ruffian (Octopode Shapeshifter)             Turns: 172, Time: 00:00:32

Health: -2/18      AC:  1    Str: 14    XL:     2   Next: 54%
Magic:  2/2        EV: 13    Int: 10    God:
Gold:   21         SH:  0    Dex: 12    Spells: 1/1 levels left

rFire   . .          .
                       - Unarmed
rCold   . . .        (no shield)
rNeg    . . .        (helmet currently unavailable)
rPois   .            (no amulet)
rElec   .            (no ring)
rCorr   .            (no ring)
SInv    .            (no ring)
Will    .....        (no ring)
Stlth   ++           (no ring)
HPRegen 0.23/turn    (no ring)
MPRegen 0.08/turn    (no ring)
                     (no ring)

%: no passive effects
@: beast-form
A: beast (slay +2), almost no armour, amphibious, 8 rings, camouflage 1,
gelatinous body 1, (nimble swimmer 1), tentacles
a: Begin Untransformation


You were on level 1 of the Dungeon.
You were a hulking beast.
You visited 1 branch of the dungeon, and saw 1 of its levels.

You collected 21 gold pieces.

Inventory:

Talismans
 b - a beast talisman
Scrolls
 c - a scroll of summoning {unknown}
Potions
 a - a potion of lignification {!q}


   Skills:
 + Level 1.2 Fighting
 + Level 2.1 Dodging
 * Level 3.3 Unarmed Combat
 * Level 3.2 Shapeshifting


You had one spell level left.
You didn't know any spells.
Your spell library was empty.

Dungeon Overview and Level Annotations

Branches:
Dungeon (1/15)

Altars:

Shops:
D:1 *


Innate Abilities, Weirdness & Mutations

You are a hulking beast.
Your limbs bulge with bestial killing power. (Slay +2)
You cannot wear most types of armour.
You are amphibious.
You can wear up to eight rings at the same time.
Your skin changes colour to match your surroundings (Stealth+).
Your rubbery body absorbs attacks. (AC +1, EV +1)
((You are camouflaged when in or above water. (Stealth+)))
You have tentacles for arms and can constrict up to eight enemies at once.


Message History

An endoplasm is nearby!
The endoplasm quivers.
The endoplasm freezes you.
You are frozen.
You are too injured to fight recklessly!
You are too injured to fight recklessly!
You are too injured to fight recklessly!
You tentacle-slap the endoplasm.
The endoplasm is heavily wounded.
The endoplasm closely misses you.
You tentacle-slap the endoplasm. You squeeze the endoplasm.
You kill the endoplasm!
You start resting.
An endoplasm comes into view.
No target in view!
Found Otzi's General Store.
A ball python comes into view.
The ball python hisses angrily.
The endoplasm quivers.
The endoplasm barely misses you.
The ball python attacks as you move away!
The ball python bites you. The ball python barely misses you.
The endoplasm completely misses you.
You completely miss the endoplasm. The ball python bites you.
The ball python barely misses you. The endoplasm freezes you.
You are frozen.
You bludgeon the ball python!
You kill the ball python!
The endoplasm freezes you.
You are frozen.
* * * LOW HITPOINT WARNING * * *
Unknown command.
You barely miss the endoplasm.
You squeeze the endoplasm, but do no damage.
Unknown command.
You completely miss the endoplasm. The endoplasm freezes you.
You are frozen.
You die...

. . .#.#... ..
........#. #.#
...#....#.###.#
...#....#...#.#######
...#....# #.......∩.#
.?.#....####....h...#
................J...#
.)......#####.......#
.....)..............#
...)....####........#
..†............#+#....
.##..#....###..# .####
.........?.....# .#
###.##.##..###..


You could see an endoplasm.

Vanquished Creatures
  2 ball pythons (D:1)
  A bat (D:1)
  An endoplasm (D:1)
  A giant cockroach (D:1)
  3 goblins (D:1)
  A hobgoblin (D:1)
  2 frilled lizards (D:1)
  A kobold (D:1)
  2 rats (D:1)
14 creatures vanquished.

Notes
Turn   | Place    | Note
-------+----------+-------------------------------------------
     0 | D:1      | mopl the Octopode Shapeshifter began the quest for the Orb.
     0 | D:1      | Reached XP level 1. HP: 13/13 MP: 1/1
   121 | D:1      | Reached XP level 2. HP: 7/18 MP: 2/2
   163 | D:1      | Found Otzi's General Store.
   172 | D:1      | Frozen to death by an endoplasm

Illustrated notes

Levels and vault maps discovered:
D:1:      dpeg_arrival_shrine, layout_basic, serial_shops, shop

Action                     || total
---------------------------++-------
  Melee: Unarmed           ||    23
         Constrict         ||     6
         Tentacles         ||     4
   Stab: Sleeping          ||     1
 Armour: Skin              ||     2
  Dodge: Dodged            ||    22

Table legend: (Time is in decaauts)
 A = Elapsed time spent in this place.
 B = Non-inter-level travel time spent in this place.
 C = Inter-level travel time spent in this place.
 D = Time resting spent in this place.
 E = Time spent auto-exploring this place.
 F = Levels seen in this place.
 G = Mean time per level.
                   A        B        C        D        E       F      G
               +--------+--------+--------+--------+--------+-----+--------+
         Total |    170 |    170 |      0 |     17 |     90 |   1 |  170.0 |
       Dungeon |    170 |    170 |      0 |     17 |     90 |   1 |  170.0 |
               +--------+--------+--------+--------+--------+-----+--------+

Top non-repeatable levels by time:
     D:1: 170 daAuts
